[Event "Azerbaijan-ch 1st League 2025"]
[Site "Baku"]
[Date "2025.01.09"]
[Round "4.10"]
[White "Isfandiyarli, Kamal"]
[Black "Alizada, Pasham"]
[Result "1/2-1/2"]
[Annotator "TA"]
[ECO "D00"]
[WhiteElo "2027"]
[BlackElo "2117"]
[PlyCount "167"]
[EventDate "2025.01.05"]
[EventType "swiss"]
[EventCountry "AZE"]
[SourceTitle "playchess.com"]
[Source "ChessBase"]
[SourceQuality "1"]
[TimeControl "40/5400+30:1800+30"]

1. d4 Nf6 2. Bf4 d5 3. e3 c5 4. c3 Nc6 5. Nd2 g6 6. Ngf3 Bg7 7. Bb5 Qb6 8. Bxc6+ bxc6 9. Qb3 c4 10. Qxb6 axb6 11. Be5 Bf5 12. O-O O-O 13. Rfe1 Ne4 14. Bxg7 Kxg7 15. Nxe4 Bxe4 16. Ne5 Rfc8 17. f3 Bf5 18. e4 Be6 19. exd5 cxd5 20. a3 Rc7 21. Re3 h5 22. Kf2 Bc8 23. f4 Bf5 24. Nf3 f6 25. Rae1 Kf7 26. g3 Bd3 27. Rd1 Bf5 28. Rde1 Ra5 29. R3e2 Rca7 30. Rd2 Rb5 31. Ng1 Raa5 32. Ne2 Be4 33. Nc1 Ra8 34. h4 Ke6 35. Na2 Kd6 36. Nb4 Rf8 37. Kg1 Rg8 38. Kh2 Ra5 39. Nc2 Raa8 40. Ne3 Rac8 41. Nd1 g5 42. fxg5 fxg5 43. hxg5 Rxg5 44. Nf2 Bf5 45. Nh3 (45. Nd1 $11) 45... Rg4 $17 46. Rf2 e6 47. Rf4 Rg6 (47... Rcg8 $17 48. Rxg4 hxg4) 48. Re3 Rf8 49. Ng1 Rfg8 50. Kg2 ({White should play} 50. Rh4 $15) 50... Rg4 51. Rxg4 hxg4 52. Re1 Rh8 53. Ne2 Be4+ (53... b5 $19 54. Kf2 Rh3) 54. Kf2 $17 Rh2+ 55. Ke3 b5 56. Rf1 Bd3 (56... Bf3 $17 57. Ng1 Rxb2 58. Nxf3 gxf3 59. Rxf3 Rb3) 57. Rf2 $11 Rh1 58. Nf4 Be4 59. Kd2 (59. Rd2 $11) 59... Rb1 (59... Rg1 $1 $15 60. Nh5 Bf3) 60. Ke3 $11 Rg1 61. Nh5 $1 Bg6 62. Nf6 Bf5 63. Kf4 Re1 64. Kg5 Re3 65. Kf4 Re1 66. Kg5 Kc6 $2 (66... Re3 $11) 67. Nxg4 $18 Kb6 $2 (67... Bxg4 {is more resistant.} 68. Kxg4 Kd6) 68. Ne5 $18 Ka5 69. g4 Rg1 70. Kf6 Bxg4 71. Nxg4 Rxg4 72. Kxe6 Rg5 73. Kd6 $2 (73. Rf8 $18 {is more deadly.} Rg2 74. Kxd5 Rxb2 75. Kc5) 73... Ka4 $16 74. Kc5 Rh5 75. Re2 Rg5 76. Kc6 Rh5 77. Re5 (77. Rg2 $16) 77... Rh2 $11 78. Rxd5 Rxb2 79. Re5 (79. Rc5 $5 Rb3 $8 80. d5 Rxc3 81. Rxb5 Rxa3 82. Rb8 $11) 79... Rb3 80. d5 Rxc3 81. d6 Rd3 $1 82. d7 (82. Rxb5 $2 Rxd6+ (82... Rxa3 $2 83. d7 $18) 83. Kc5 c3 $19) 82... c3 83. Kc7 (83. Rxb5 $2 Rxd7 (83... Kxa3 84. Rc5 $11) 84. Rb4+ Kxa3 $19) 83... Kxa3 84. Rxb5 (84. d8=R $2 {loses.} Rxd8 85. Rxb5 Rd4 $19) 1/2-1/2

[Event "Azerbaijan-ch 1st League 2025"]
[Site "Baku"]
[Date "2025.01.09"]
[Round "4.11"]
[White "Rzayev, Chingiz"]
[Black "Halafov, Ilgar"]
[Result "1-0"]
[Annotator "TA"]
[ECO "A45"]
[WhiteElo "2153"]
[BlackElo "1990"]
[PlyCount "101"]
[EventDate "2025.01.05"]
[EventType "swiss"]
[EventCountry "AZE"]
[SourceTitle "playchess.com"]
[Source "ChessBase"]
[SourceQuality "1"]
[TimeControl "40/5400+30:1800+30"]

1. d4 Nf6 2. Bg5 c5 3. Bxf6 exf6 4. d5 d6 5. e3 g6 6. Nd2 Bg7 7. Ngf3 O-O 8. Be2 Nd7 9. O-O Ne5 (9... f5 $15) 10. a4 Qc7 11. Ne1 f5 12. c3 Re8 13. h3 Rb8 14. Nc2 b6 15. Bb5 Re7 16. f4 (16. Nc4 $15) 16... Nd7 $17 17. Qf3 Nf6 {[%emt 0:04:34] Inhibits e4.} 18. Rfe1 Ne4 (18... Bb7 $17 19. Bc4 a6) 19. Nxe4 $15 fxe4 20. Qe2 f5 21. Na3 Bd7 ({Black should play} 21... Bf6 $11) 22. Bxd7 (22. a5 $14) 22... Qxd7 $11 23. Qb5 Qb7 24. a5 Qxd5 25. Red1 Qe6 26. Qc6 $1 {[%emt 0:00:45] Prevents d5} d5 (26... Rd7 $11 {remains equal.}) 27. Qxe6+ Rxe6 28. Rxd5 b5 29. Rxc5 b4 30. Nb5 ({White should play} 30. cxb4 $16 {Black must now prevent b5.} Bxb2 31. Ra2 Rxb4 32. Rc8+ Kf7 33. Nc4) 30... bxc3 31. bxc3 Bf8 32. Rd5 Rc6 (32... a6 $1 $14 33. Nd4 Rd6) 33. Nxa7 $16 Rxc3 {[%emt 0:00:02][%cal Of8c5] Strongly threatening ...Bc5!.} 34. Nb5 $36 {[%emt 0:00:35][%mdl 2048] White is in control.} Rc5 {[%emt 0:01:54] [#]} (34... Rxe3 $16 35. a6 Rd3) 35. Rxc5 $1 $18 Bxc5 {[%emt 0:00:02][%mdl 4096] Endgame KRB-KRN. White is a pawn up.} 36. Nd4 Ra8 37. a6 Kf7 38. Kf2 Bxd4 $2 (38... h5 {is a better defense.} 39. Nb5 g5) 39. exd4 {[%emt 0:00:06] KR-KR. White is a pawn up.} Ke6 40. g4 Ra7 41. Ke3 Kd6 42. gxf5 gxf5 43. Ra5 Ke6 44. h4 Kf6 (44... h5 $142 45. d5+ (45. Re5+ Kf6 $18) 45... Kd7) 45. h5 Ke6 46. d5+ Kd6 47. Kd4 h6 (47... Kd7 $142 48. Ra2 (48. Ke5 e3 $18) 48... Kd6) 48. Ra3 Kc7 49. Ke5 e3 50. Rxe3 Rxa6 51. Rg3 1-0

[Event "Azerbaijan-ch 1st League 2025"]
[Site "Baku"]
[Date "2025.01.09"]
[Round "4.12"]
[White "Baghirov, Orkhan"]
[Black "Garayev, Kanan"]
[Result "0-1"]
[Annotator "TA"]
[ECO "E01"]
[WhiteElo "1989"]
[BlackElo "2340"]
[PlyCount "111"]
[EventDate "2025.01.05"]
[EventType "swiss"]
[EventCountry "AZE"]
[SourceTitle "playchess.com"]
[Source "ChessBase"]
[SourceQuality "1"]
[TimeControl "40/5400+30:1800+30"]

1. d4 d5 2. c4 e6 3. Nf3 Nf6 4. g3 Bb4+ 5. Nbd2 O-O 6. Bg2 c5 7. a3 Bxd2+ $1 8. Qxd2 Ne4 9. Qc2 Nc6 10. O-O {[%emt 0:12:41] and dxc5 should not be overlooked} cxd4 11. b4 a6 12. Bb2 Nc3 13. Bxc3 dxc3 14. Rfd1 Ne7 (14... d4 15. b5 Na5 (15... axb5 16. cxb5 Nb8 17. Nxd4 $18) 16. Rxd4 $16 (16. Nxd4 Qc7 $16)) 15. Rac1 Bd7 16. Ne5 (16. Qxc3 Ba4 $14) 16... Rc8 (16... Be8 $16) 17. e4 (17. Qxc3 Ba4 18. Rd2 f6 $11) (17. cxd5 $18 exd5 18. Bxd5) 17... Qc7 18. Nxd7 (18. Qxc3 Ba4 19. Rd3 f6 $17) 18... Qxd7 19. Qxc3 b5 (19... Rxc4 $2 20. Qxc4 Rc8 21. Qd4 $18) (19... Rfd8 $16) 20. c5 $18 (20. exd5 Rxc4 21. Qe5 Rxc1 22. Rxc1 Nxd5 $14) 20... Rfd8 21. exd5 exd5 22. Rd3 Qf5 23. Rcd1 Rc7 (23... Rc6 $142 24. Qd2 Rf6) 24. Qb3 Rcd7 {[%emt 0:00:41] [#]} (24... Qc8 $18 25. Bxd5 Nxd5 26. Rxd5 Rcd7 27. Rxd7 Rxd7) 25. c6 Nxc6 $11 26. Rxd5 (26. Bxd5 $2 Ne5 27. Rc3 Nc4 $19) 26... Ne5 27. f4 (27. Rxd7 {simplifies} Rxd7 28. Rxd7 Nxd7 29. Bb7) 27... Nc4 $1 28. Qd3 Qxd3 29. R1xd3 Rd6 30. Rxd6 Nxd6 {[%emt 0:00:01][%mdl 4096] Endgame KRB-KRN} 31. Bf1 Kf8 32. Rd5 Ke7 33. a4 Rb8 34. Re5+ Kd7 35. a5 f5 36. Bd3 g6 37. Rc5 (37. Bc2 $11 {keeps the balance.}) 37... Re8 (37... Rc8 $17 38. Rd5 Rc1+ 39. Kf2 Kc6) 38. Kf1 Ne4 39. Rc2 (39. Rxb5 $11 Nd2+ (39... axb5 40. Bxb5+ Kd8 41. Bxe8 $11) 40. Kf2 axb5 41. Bxb5+ Ke7 42. Bxe8 Kxe8 43. Ke3 Nc4+ 44. Kd4) 39... Kd6 40. Be2 Kd5 41. Bf3 Kd4 42. Bxe4 Rxe4 $15 {[%emt 0:00:00] KR-KR} (42... fxe4 $6 43. Ke2 $11) 43. Rc6 Ke3 (43... Kd5 $17 44. Rxa6 Re7) 44. Rxa6 Rxb4 45. Rd6 $2 {[%emt 0:06:23] [#]} (45. Kg2 $17 {is a better defense.}) 45... Rb1+ $2 ({Black should try} 45... Rb2 $1 $19 46. h3 Rf2+ 47. Kg1 Ra2) 46. Kg2 $11 Rb2+ 47. Kg1 $2 (47. Kh3 $11 {and White is okay.}) 47... Ra2 48. a6 b4 49. h3 Ke2 $2 (49... b3 50. Rb6 $11) (49... Ra3 $19 {has better winning chances. Hoping for ...b3.} 50. Rb6 Kf3) 50. Kg2 $2 {[%emt 0:00:33][%mdl 8192] [#]} (50. g4 $17) 50... b3 $1 $19 ({Less strong is} 50... Ke3+ 51. Kg1 $15) 51. Rb6 Kd3+ (51... Ke3+ 52. Kf1 $11) 52. Kf3 b2 {[%emt 0:01:15] ( -> ...Kc2)} 53. a7 Kc2 ({Not} 53... Rxa7 54. Rxb2 Ra3 55. Kf2 $11) 54. Rc6+ Kb1 55. Rc7 Ka1 56. Rc2 0-1

[Event "Azerbaijan-ch 1st League 2025"]
[Site "Baku"]
[Date "2025.01.09"]
[Round "4.13"]
[White "Alizada, Agshin"]
[Black "Azimov, Yasin"]
[Result "1-0"]
[Annotator "TA"]
[ECO "A13"]
[WhiteElo "2116"]
[BlackElo "1880"]
[PlyCount "65"]
[EventDate "2025.01.05"]
[EventType "swiss"]
[EventCountry "AZE"]
[SourceTitle "playchess.com"]
[Source "ChessBase"]
[SourceQuality "1"]
[TimeControl "40/5400+30:1800+30"]

1. Nf3 Nf6 2. g3 d5 3. Bg2 e6 4. O-O Bd6 5. c4 O-O 6. Nc3 Nc6 7. d3 h6 8. a3 a5 9. Rb1 Re8 10. Qc2 d4 11. Nb5 Bf8 12. e3 dxe3 13. Bxe3 e5 14. d4 exd4 15. Rbd1 Bg4 16. Bf4 Rc8 17. Nbxd4 Nxd4 18. Rxd4 Qe7 $1 19. h3 Bxf3 (19... Bh5 $11) 20. Bxf3 $14 b6 21. Rfd1 {[%emt 0:00:58] White is much more active. Black is weak on the light squares} g5 22. Bc1 Qe6 ({Black should try} 22... Rcd8 $14) 23. Kg2 $16 Bd6 {[%emt 0:05:20] [#]} (23... Qe7 $142 24. Bd2 c5) 24. R4d2 $1 Be5 25. Re2 {[%emt 0:00:49] Threatens to win with b4.} c5 $2 (25... Rcd8) 26. Rde1 $18 Qd6 27. Qf5 Bd4 28. h4 Qf8 $2 (28... Rcd8 29. hxg5 Rxe2 30. Rxe2 Qd7) 29. hxg5 hxg5 30. Bxg5 Nh7 {[%emt 0:00:51] [#]} 31. Bh6 $1 {[%emt 0:01:42][%mdl 512] A strong pair of Bishops.} Bg7 (31... Rxe2 32. Rxe2) 32. Bxg7 Kxg7 33. Be4 1-0

[Event "Azerbaijan-ch 1st League 2025"]
[Site "Baku"]
[Date "2025.01.09"]
[Round "4.14"]
[White "Salimov, Shovkat"]
[Black "Allajov, Ramil"]
[Result "1-0"]
[Annotator "TA"]
[ECO "B90"]
[WhiteElo "1977"]
[BlackElo "2079"]
[PlyCount "149"]
[EventDate "2025.01.05"]
[EventType "swiss"]
[EventCountry "AZE"]
[SourceTitle "playchess.com"]
[Source "ChessBase"]
[SourceQuality "1"]
[TimeControl "40/5400+30:1800+30"]

1. e4 c5 2. Nf3 d6 3. d4 cxd4 4. Nxd4 Nf6 5. Nc3 a6 6. h3 e5 7. Nb3 Be6 8. f4 Qc7 9. f5 Bc4 10. Bg5 Nbd7 11. Qf3 b5 12. Bxc4 Qxc4 13. Nd2 Qc6 14. a3 Rb8 15. O-O Be7 16. Kh1 h6 17. Bh4 Nb6 18. Rfd1 Nfd7 19. Bxe7 Kxe7 20. Nf1 Nf6 21. Ne3 Rhc8 22. Ncd5+ Nbxd5 23. Nxd5+ Nxd5 24. Rxd5 f6 (24... Qxc2 $2 25. f6+ Kf8 26. fxg7+ (26. Rxd6 g6 $18) 26... Kg8 27. Rxd6 $18 (27. Rf1 Rb7 $18)) 25. c3 Rb6 26. Rad1 Qe8 27. Qg3 Qf7 28. R1d3 Rcc6 29. Qg4 Kf8 30. Qd1 Qc7 31. Rd2 a5 (31... Kg8 $14) 32. Kh2 Qb8 (32... Kg8 $142) 33. a4 $1 $16 b4 34. cxb4 Rxb4 35. Rxa5 Rxe4 $2 (35... Kg8 $16 {was worth a try.}) 36. Rb5 $18 Qd8 37. Qb3 Rec4 38. Rb8 Rc8 39. Rb7 (39. Qxc4 $18 Rxb8 40. Qe6) 39... d5 $11 {[%emt 0:00:59] [#]} 40. Qb5 (40. Qa3+ $1 $16 Kg8 41. a5) 40... d4 (40... R4c5 $11 41. Qd7 Qxd7 42. Rxd7 d4) 41. Rd7 $1 $14 Qe8 42. Qb7 ({White must play} 42. Qd5 $1 $14 R4c5 43. Qb7) 42... Rb8 (42... e4 $15 43. Rd1 (43. Rxg7 d3 $17) (43. R7xd4 Rxd4 44. Rxd4 Qe5+ 45. g3 Rc2+ 46. Kh1 Rc1+ 47. Kg2 Qxd4 $19) 43... e3 (43... Rxa4 44. b3 $11)) 43. Qd5 $11 Rcc8 $1 44. Rd3 Rd8 $1 45. Qc5+ $1 Kg8 46. Re7 $1 (46. R3xd4 $2 Rxd7 47. Rg4 Rxb2 $19) 46... Qf8 $1 (46... Qxa4 47. Rxg7+ Kxg7 48. Qe7+ Kh8 49. Qxf6+ Kh7 50. Qg6+ Kh8 51. Qxh6+ Kg8 52. Rg3+ Kf7 53. Rg7+ Kf8 54. Qh8#) 47. Rg3 $1 Kh8 $2 {[%emt 0:01:49][%mdl 8192] [#]} (47... Rxb2 $2 48. Qc7 g5 49. fxg6 $18) (47... Re8 $11 48. Rexg7+ Qxg7) 48. Rgxg7 $1 $18 Qxg7 49. Rxg7 Kxg7 50. Qe7+ Kg8 51. Qe6+ Kg7 $1 52. Qe7+ Kg8 53. Qxf6 d3 (53... Rd7 $142 54. Qg6+ (54. Qxe5 Rbd8 $18) (54. Qxh6 Rbd8 $18) 54... Rg7 55. Qe6+ (55. Qxh6 Rxb2 56. Qc6 d3 $11) 55... Rf7 56. Qxe5 (56. Qxh6 Rxb2 57. Qe6 Rf2 $18) 56... Rd8 57. Qg3+ Kh8) 54. Qg6+ (54. Qxe5 d2 55. Qe6+ Kf8 $11) 54... Kf8 55. Qxh6+ Ke7 56. Qe6+ Kf8 57. Qf6+ ({Not} 57. Qxe5 d2 $14) 57... Kg8 58. Qe7 ({Worse is} 58. Qxe5 d2 $11) 58... Rf8 59. Qg5+ Kh8 60. Qh6+ Kg8 61. Qg6+ Kh8 62. f6 Rb7 63. Qxd3 Rxf6 64. Qd5 Rxb2 65. Qxe5 Rbb6 66. a5 Rbe6 67. Qb5 Kg7 68. h4 Rd6 69. Kh3 Rc6 70. h5 Rfe6 71. g4 Rcd6 72. Kh4 Kf7 73. Qf5+ Ke7 74. Qh7+ Kf6 75. h6 1-0

[Event "Azerbaijan-ch 1st League 2025"]
[Site "Baku"]
[Date "2025.01.09"]
[Round "4.15"]
[White "Huseynov, Ahmed"]
[Black "Isbatov, Kanan"]
[Result "0-1"]
[Annotator "TA"]
[ECO "A34"]
[WhiteElo "1996"]
[BlackElo "1882"]
[PlyCount "66"]
[EventDate "2025.01.05"]
[EventType "swiss"]
[EventCountry "AZE"]
[SourceTitle "playchess.com"]
[Source "ChessBase"]
[SourceQuality "1"]
[TimeControl "40/5400+30:1800+30"]

1. c4 Nf6 2. Nc3 d5 3. cxd5 Nxd5 4. g3 g6 5. Bg2 Nxc3 6. bxc3 c5 7. Nf3 Bg7 8. h4 h5 9. Ng5 O-O 10. Rb1 Nc6 11. O-O Qc7 $1 12. a4 Bf5 13. Rb5 b6 14. a5 Rad8 (14... bxa5 $2 15. Rxc5 Bd7 16. d4 $18) (14... Nxa5 $1 $17 15. Bxa8 Rxa8) 15. axb6 $11 axb6 16. Qb3 Na5 17. Qa2 Bd7 18. Rb1 Bg4 19. Re1 c4 20. Ba3 Nb3 21. d4 Qa7 22. e3 Bf5 (22... Qa4 $11) 23. e4 $16 Bg4 24. Qb2 $2 {[%emt 0:01:27] [#]} (24. e5 $16) 24... Nxd4 $1 $17 25. cxd4 (25. e5 Nb3) 25... Bxd4 26. Qa2 {[%emt 0:05:39][%cal Oe1c1] [#]} Ra8 $2 {[%emt 0:05:30] [#]} (26... b5 $1 $17 {aiming for ...Bc3.} 27. Rxb5 Ra8) 27. Qd2 $1 $16 {[%emt 0:06:58] Prevents Bc3.} (27. Qxc4 b5 28. Qc2 Qxa3 29. Rxb5 Qxg3 $19) 27... b5 28. Rxb5 $2 (28. Bb4 $16 {keeps the pressure on.}) 28... c3 $1 $19 29. Qc2 Qxa3 30. e5 Qa2 31. Rc1 (31. Be4 $142) 31... Qxc2 32. Rxc2 Ra1+ 33. Kh2 Bd1 0-1

[Event "Azerbaijan-ch 1st League 2025"]
[Site "Baku"]
[Date "2025.01.09"]
[Round "4.16"]
[White "Idrisov, Tabriz"]
[Black "Gulumov, Muthat"]
[Result "1-0"]
[Annotator "TA"]
[ECO "D00"]
[WhiteElo "2073"]
[BlackElo "2054"]
[PlyCount "91"]
[EventDate "2025.01.05"]
[EventType "swiss"]
[EventCountry "AZE"]
[SourceTitle "playchess.com"]
[Source "ChessBase"]
[SourceQuality "1"]
[TimeControl "40/5400+30:1800+30"]

1. d4 Nf6 2. Bf4 d5 3. e3 e6 4. Bd3 c5 5. c3 Bd6 6. dxc5 Bxc5 7. Nf3 O-O 8. O-O {[%emt 0:00:08] The position is equal.} Nc6 9. Nbd2 Qe7 {[%emt 0:01:11] Threatens to win with ...e5.} 10. e4 e5 11. Bg5 d4 12. Qe2 h6 13. Bh4 dxc3 14. bxc3 g5 15. Bg3 Nh5 16. Kh1 Rd8 17. Nc4 (17. Bc4 $11) 17... g4 $17 18. Nfd2 b5 (18... a6 $15 {might be stronger.} 19. Rad1 Be6) 19. Ne3 $11 a6 (19... Bxe3 $11 20. Qxe3 Rb8) 20. Nf5 (20. Nxg4 Bxg4 21. Qxg4+ Qg5 22. Qxg5+ (22. Qe2 Rxd3 23. Qxd3 Rd8 $17) 22... hxg5 $15) 20... Nxg3+ $1 21. fxg3 Qg5 22. Nb3 $36 {[%emt 0:02:07][%mdl 2048] White has good play. A dynamic duo of knights.} Ba7 (22... Bf8 $11 {keeps the balance.}) 23. a4 $16 bxa4 24. Rxa4 Ne7 25. Nxe7+ Qxe7 26. Bc4 {[%emt 0:00:08] White is more active.} Be6 (26... Rf8 $16) 27. Rxa6 {[%emt 0:01:45] Hoping for Bxe6.} Bxc4 28. Qxc4 Be3 {[%emt 0:01:06] [#]} 29. Rxa8 Rxa8 30. Qe2 $1 Bg5 (30... Qg5 $2 31. Rf5 Qd8 32. Qxg4+ (32. Qxe3 Qd1+ 33. Qg1 Qxb3 $11) 32... Kf8 33. Qf3 $18 (33. Rxe5 Qd3)) 31. Qxg4 Ra3 32. Qc8+ Kg7 {[%emt 0:01:29] [#]} 33. Qc4 Be3 34. h4 Qb7 (34... Qe6 $16 {is a better defense.} 35. Qd3 (35. Qxe6 fxe6 36. Rf3 h5 $18) 35... Qa6 (35... Qxb3 $2 36. Qxe3 Qxc3 37. Qb6 $18)) 35. Nc5 $18 Qa7 (35... Qc7 36. Ne6+ Kg8 37. Nxc7) (35... Qe7 $142) 36. Nd3 f6 $2 (36... Ra4 {was worth a try.} 37. Qb5 Ra5) 37. Nb4 {[%emt 0:01:35] Strongly threatening Nd5.} Ra1 38. Nd5 {[%emt 0:00:35][%cal Od5e3] Nxe3! is the strong threat.} Bf2 (38... Bc5 {keeps fighting.} 39. Nxf6 Qa2 40. Ne8+ (40. Qxc5 $2 {is the wrong capture.} Rxf1+ 41. Kh2 Rxf6 $19) 40... Kg6) 39. Kh2 {[%emt 0:01:07] Black must now prevent Rxa1.} Bg1+ 40. Kh1 $2 (40. Kh3 {Rxa1 would now be deadly.} Rxf1 41. Qxf1) 40... Bf2 $1 41. Kh2 (41. Ne7 Qa2 42. Qd3 (42. Nf5+ Kg6 $18) 42... Rxf1+ 43. Qxf1) 41... Bg1+ $1 42. Kh3 {[%emt 0:01:13][%cal Bh2h3,Bh3g4,Bg4g3][%mdl 32] And now Rxa1 would win. White is clearly winning.} h5 43. g4 ({Inferior is} 43. Rxf6 Bf2 $11) 43... hxg4+ 44. Kxg4 Qd7+ (44... Rxf1 $142 45. Qxf1 Bf2) 45. Kg3 Qa7 46. Qe2 {[%emt 0:03:10] Weighted Error Value: White=0.38/Black=0.34.  Mistake:       	White=2     	Black=9      Inaccurate:     	White=4     	Black=1      OK:         	White=12    	Black=15     Best:        	White=7     	---        Strong:       	---       	Black=3} 1-0

[Event "Azerbaijan-ch 1st League 2025"]
[Site "Baku"]
[Date "2025.01.09"]
[Round "4.17"]
[White "Safarli, Ramzi"]
[Black "Baghirov, Mahammad"]
[Result "1/2-1/2"]
[Annotator "TA"]
[ECO "E61"]
[WhiteElo "1792"]
[BlackElo "1932"]
[PlyCount "120"]
[EventDate "2025.01.05"]
[EventType "swiss"]
[EventCountry "AZE"]
[SourceTitle "playchess.com"]
[Source "ChessBase"]
[SourceQuality "1"]
[TimeControl "40/5400+30:1800+30"]

1. d4 Nf6 2. c4 g6 3. Nc3 Bg7 4. g3 O-O 5. Bg2 d6 6. e3 e5 7. Nge2 Re8 8. h3 Nc6 9. O-O exd4 10. exd4 Bf5 11. g4 Bd7 12. Ng3 Rb8 13. Be3 Kh8 (13... Qc8 $14) 14. Qd2 a6 15. Rac1 b5 ({Black should play} 15... Ne7) 16. cxb5 $1 $16 axb5 {[%emt 0:00:05] [#]} 17. Nce2 (17. Nd5 $1 $18 ) 17... Ne7 18. Bg5 (18. d5 $16) 18... c6 $14 19. Nc3 Be6 20. Nce4 Nxe4 21. Nxe4 Bd5 22. Nf6 Bxg2 23. Kxg2 (23. Rfe1 Rf8 24. Nxh7 Kxh7 25. Bxe7 Qd7 26. Bxf8 Bxh3 27. Rc3) 23... Rf8 24. Qf4 Qc7 25. Rfe1 Ra8 {[%emt 0:02:25] Black is weak on the dark squares} 26. a3 Rac8 27. b4 {[%emt 0:01:28][%cal Od4d5] White has more active pieces.} Ng8 {[%emt 0:03:25] [#]} 28. Nxg8 $1 Kxg8 29. Be7 Rfe8 30. Bxd6 Qd7 31. Bc5 (31. Be5 {feels hotter.} Qd5+ 32. Kg3 Rcd8 33. Rc5) 31... h6 32. Qf3 Kh7 33. Bb6 ({White should play} 33. Rxe8 Rxe8 34. Ra1) 33... Rf8 34. Bc5 Rfe8 35. Bb6 (35. Rxe8 $16 Rxe8 36. Rd1) 35... Kg8 (35... Rf8 $1 $11) 36. Rxe8+ $16 Qxe8 37. d5 cxd5 38. Rxc8 Qxc8 39. Qxd5 {[%emt 0:00:02][%mdl 4096] Endgame KQB-KQB. White is a pawn up.} Qb8 40. Bc5 (40. Qxb5 $2 Bd4 41. a4 Bxb6 $19 (41... Qxb6 42. Qxb6 Bxb6 43. a5 $17)) 40... Bb2 (40... Qe8 $142) 41. Qf3 (41. Qc6 $142) 41... Qe8 42. h4 Qe6 43. h5 Bg7 44. Qa8+ Kh7 45. Qf3 Qc4 (45... Kg8 $1 $11) 46. Be3 Qe6 47. Bc5 (47. Kh2 $14) 47... Qe8 (47... Kg8 $11) 48. Be3 (48. Qd3 $16) 48... Kh8 (48... Qe6 $1 $11) 49. g5 hxg5 50. hxg6 fxg6 51. Bxg5 Qe6 52. Be3 Kg8 53. Bc5 Qf5 54. Qb3+ Kh7 55. a4 (55. Kf1 $14) 55... Qg5+ 56. Kf1 Qc1+ 57. Kg2 bxa4 58. Qxa4 Qg5+ 59. Kf1 Qd5 {[%emt 0:00:54] Prevents Qa2.} (59... Qc1+ $11 {remains equal.} 60. Kg2 Qg5+ 61. Kf1 Qc1+) 60. Kg1 (60. Qe8 $16) 60... Qd3 $2 (60... Qg5+ $1 $11 {and Black stays safe.} 61. Kf1 Qc1+ 62. Kg2 Qg5+ 63. Kf1) 1/2-1/2

[Event "Azerbaijan-ch 1st League 2025"]
[Site "Baku"]
[Date "2025.01.09"]
[Round "4.18"]
[White "Imranli, Kenan"]
[Black "Kazimzade, Mahammad"]
[Result "0-1"]
[Annotator "NA RC COMBH"]
[ECO "C78"]
[WhiteElo "1758"]
[BlackElo "1743"]
[PlyCount "102"]
[EventDate "2025.01.05"]
[EventType "swiss"]
[EventCountry "AZE"]
[SourceTitle "playchess.com"]
[Source "ChessBase"]
[SourceQuality "1"]
[TimeControl "40/5400+30:1800+30"]

1. e4 e5 2. Nf3 Nc6 3. Bb5 a6 4. Ba4 Nf6 5. d3 b5 6. Bb3 Bc5 7. O-O O-O 8. Bg5 Be7 9. c3 d6 10. Nbd2 h6 11. Bxf6 Bxf6 12. Re1 Ne7 13. Nf1 Ng6 14. Ne3 c6 15. d4 exd4 16. cxd4 c5 17. Qd2 Bb7 18. Bd5 Qb6 19. Bxb7 Qxb7 20. Nd5 Bd8 21. Rac1 Rc8 22. dxc5 dxc5 23. Qe3 Ba5 24. Red1 c4 25. h4 Rfe8 26. h5 Ne7 27. Qf4 Nxd5 28. exd5 Rcd8 29. d6 Re6 30. Nh4 Qe4 31. Qg3 Rf6 32. Nf3 Bb6 33. Rd2 Qf5 34. Re1 Ba5 35. Re5 Qb1+ 36. Kh2 Bxd2 37. Nxd2 Qd3 38. Nf3 Qxd6 39. Nh4 Re6 40. f4 Rxe5 41. fxe5 Qd3 42. Qg4 Qd4 43. Qg3 Qd1 44. Nf3 b4 45. e6 fxe6 46. Qg6 Qd6+ 47. g3 c3 48. bxc3 bxc3 49. Kh3 Qd5 50. Nh4 Qh1+ 51. Kg4 Rd4+ 0-1

[Event "Azerbaijan-ch 1st League 2025"]
[Site "Baku"]
[Date "2025.01.10"]
[Round "5.1"]
[White "Atakishiyev, Elmar"]
[Black "Ibrahimli, Murad"]
[Result "1/2-1/2"]
[Annotator "TA"]
[ECO "D31"]
[WhiteElo "2408"]
[BlackElo "2415"]
[PlyCount "63"]
[EventDate "2025.01.05"]
[EventType "swiss"]
[EventCountry "AZE"]
[SourceTitle "playchess.com"]
[Source "ChessBase"]
[SourceQuality "1"]
[TimeControl "40/5400+30:1800+30"]

1. d4 d5 2. Nf3 c6 3. c4 dxc4 4. e3 b5 5. a4 e6 6. Nc3 {[%emt 0:04:16][%mdl 1024] White has compensation.} Qb6 7. Be2 Nf6 8. O-O Bb4 9. Na2 Be7 10. b3 cxb3 11. Qxb3 a6 12. Ba3 Ra7 13. Rfc1 O-O 14. Bxe7 Rxe7 15. Qa3 Rc7 16. Rc2 Nbd7 17. Rac1 Bb7 18. Ne1 (18. axb5 $11 axb5 19. Qb2) 18... Rfc8 $17 19. a5 Qa7 20. Nd3 h6 ({Better is} 20... c5 $17 {And now ...c4 would win.} 21. Nxc5 Nxc5) 21. Bf3 $11 Ba8 22. h3 Nd5 (22... c5 $11 {remains equal.} 23. dxc5 Bxf3 24. gxf3 Qa8) 23. Nc5 (23. Bxd5 $16 exd5 (23... cxd5 $2 24. Rxc7 Rxc7 25. Qe7 $18) 24. Qd6) 23... Nxc5 24. Qxc5 Qxc5 25. Rxc5 Nf6 26. Nb4 Nd7 27. R5c2 $1 ({Inferior is} 27. Nxa6 Ra7 28. Bxc6 Nxc5 29. Bxb5 Bb7 (29... Rb7 30. Bd3 $15) 30. Nxc5 Rxa5 $17) 27... Nb8 {[%emt 0:00:00] [#]} 28. d5 $1 exd5 {[%emt 0:00:00] [#]} (28... Kf8 29. dxc6) 29. Nxd5 $1 Ra7 $1 30. Rd2 {[%emt 0:05:27] Black must now prevent Nb6.} Kf8 ({But not} 30... Rd8 $2 31. Nf6+ Kf8 32. Rxd8+ $18) 31. Nb6 {[%emt 0:00:06] White has more active pieces.} Re8 32. Kf1 1/2-1/2